 Dungeon Crawl Stone Soup version 0.23-a0-26-g9187234747 (webtiles) character file.

62 Htamos the Conjurer (level 4, -1/28 HPs)
             Began as an Octopode Conjurer on Aug 3, 2018.
             Killed by divine providence
             ... invoked by an orc priest
              (12 damage)
             ... on level 2 of the Dungeon.
             The game lasted 00:02:51 (1950 turns).

Htamos the Conjurer (Octopode Conjurer)             Turns: 1950, Time: 00:02:51

Health: -1/28      AC:  1    Str:  7    XL:     4   Next: 8%
Magic:  1/7        EV: 14    Int: 23    God:
Gold:   65         SH:  0    Dex: 12    Spells: 7/8 levels left

rFire    . . .     SeeInvis .   (no weapon)
rCold    . . .     Gourm    .   (no shield)
rNeg     . . .     Faith    .   (helmet restricted)
rPois    .         Spirit   .   (no amulet)
rElec    .         Reflect  .   j - ring of flight
rCorr    .         Harm     .   (no ring)
MR       .....                  (no ring)
Stlth    +++.......             (no ring)
HPRegen  0.09/turn              (no ring)
MPRegen  0.10/turn              (no ring)
                                (no ring)
                                (no ring)

@: brilliant
A: almost no armour, stealthy swim, amphibious, 8 rings, constrict 8, camouflage
1, gelatinous body 1
a: Evoke Flight


You were on level 2 of the Dungeon.
You were not hungry.

You visited 1 branch of the dungeon, and saw 2 of its levels.

You collected 65 gold pieces.

Inventory:

Missiles
 a - 32 stones (quivered)
Jewellery
 j - a ring of flight (left tentacle)
Scrolls
 c - a scroll of identify
 e - a scroll of remove curse
Potions
 h - a potion of brilliance
Comestibles
 b - 4 rations
 i - 2 chunks of flesh


   Skills:
 + Level 1.2 Fighting
 + Level 2.6 Dodging
 - Level 3.0 Stealth
 + Level 2.6 Spellcasting
 + Level 4.4 Conjurations


You had 7 spell levels left.
You knew the following spells:

 Your Spells              Type           Power        Failure   Level  Hunger
a - Magic Dart            Conj           ####         1%          1    None

Your spell library contained the following spells:

 Spells                   Type           Power        Failure   Level  Hunger
 Iskenderun's Mystic Bla  Conj           #####...     2%          4    ####...
 Fulminant Prism          Conj/Hex       ####......   5%          4    ####...
 Dazzling Spray           Conj/Hex       ####..       1%          3    ###....
 Force Lance              Conj/Tloc      ####....     5%          4    ####...
 Searing Ray              Conj           #####.       1%          2    ##.....


Dungeon Overview and Level Annotations

Branches:
Dungeon (2/15)

Altars:


Innate Abilities, Weirdness & Mutations

You cannot wear most types of armour.
You are very stealthy in the water. (Stealth+)
You are amphibious.
You can wear up to eight rings at the same time.
You can use your tentacles to constrict eight enemies at once.
Your skin changes colour to match your surroundings (Stealth+).
Your rubbery body absorbs attacks. (AC +1, EV +1)


Message History

* * * LOW HITPOINT WARNING * * *
You hear something mumble some strange prayers to Beogh against you.
Beogh smites you!
* * * LOW HITPOINT WARNING * * *
Press: ? - help, v - describe, . - travel The floor.
Found a red potion, a spear and a ration.
It was a potion of brilliance.
You feel clever all of a sudden.
Unknown command.
It was a potion of curing.
You feel better.
It was a potion of heal wounds.
You feel much better.
You hear something invoke the aid of Beogh against you.
Pain shoots through your body! The orc wizard casts a spell at you.
The magic dart hits you!
* * * LOW HITPOINT WARNING * * *
You hear something invoke the aid of Beogh against you.
Beogh smites you!
You die...

...........#.#........#
......##.###.###......#
...................#..#
......###.##.#######..#.
..)...................!.
.....####.##.###o.#####
#.......#.##.# #{.#.####
####.##.#..#.# #..#...<#
# #.##.##.#.###@.#.####
# #..#..>.....#)%#[# #
#..#.##.#.#.#..#.#
####..#.##.#.#.#..#.#
......#.##.#.#.#..#.#
####..#.##.#.#.#..#.#
####..#.##.....#..#.#
......#....###.#..#.#
###...#.########..#.#


You could see an orc wizard.

Vanquished Creatures
  An adder (D:2)
  3 oozes (D:1)
  A worm (D:2)
  2 dart slugs (D:1)
  2 orcs (D:2)
  5 bats
  A giant cockroach (D:2)
  2 goblins (D:1)
  5 hobgoblins
  2 kobolds
  A ball python (D:1)
  3 frilled lizards (D:1)
  8 rats
36 creatures vanquished.

Notes
Turn   | Place    | Note
-------+----------+-------------------------------------------
     0 | D:1      | Htamos the Octopode Conjurer began the quest for the Orb.
     0 | D:1      | Reached XP level 1. HP: 11/11 MP: 3/3
   272 | D:1      | Reached XP level 2. HP: 17/17 MP: 1/5
   853 | D:1      | Reached XP level 3. HP: 22/22 MP: 3/6
  1710 | D:2      | Reached skill level 1 in Fighting
  1930 | D:2      | Reached XP level 4. HP: 28/28 MP: 1/7
  1942 | D:2      | HP: 1/28 [something (8)]
  1950 | D:2      | Killed from afar by an orc priest

Vault maps used:
D:1:      onia_arrival_handbag, minivault_14, hangedman_decor_clover_reticule,
          st_stairs_7
D:2:      kennysheep_six_static_rooms, amethyst_overflow_temple_binary,
          lemuel_coloured_pillars_altar

Skill      XL: |  1  2  3 |
---------------+----------+-----
Stealth        | 3 |  3.0
Fighting       | 1 |  1.2
Dodging        | |  2.6
Spellcasting   | |  2.6
Conjurations   | |  4.4

Action                   |  1- 3 |  4- 6 || total
-------------------------+-------+-------++-------
Melee: Unarmed           |    10 |       ||    10
       Tentacles         |     1 |       ||     1
       Constrict         |     1 |       ||     1
 Cast: Magic Dart        |    79 |     3 ||    82
  Use: Scroll            |     1 |     1 ||     2
       Potion            |       |     3 ||     3
  Eat: Chunk             |     4 |       ||     4
Armor: Skin              |     1 |       ||     1
Dodge: Dodged            |     8 |       ||     8

Table legend:
 A = Spawn XP
 B = Non-spawn XP
 C = Spawn XP percentage of total XP
 D = Spawn monster count
 E = Non-spawn monster count
 F = Spawn count percentage of total count
 G = Total turns spent on level
                    A         B        C        D         E        F      G
               +---------+---------+-------+---------+---------+-------+---------
         Total |       0 |      89 |   0.0 |       0 |      36 |   0.0 |  1950
               +---------+---------+-------+---------+---------+-------+---------
           D:1 |       0 |      54 |   0.0 |       0 |      24 |   0.0 |  1519
           D:2 |       0 |      35 |   0.0 |       0 |      12 |   0.0 |   431
               +---------+---------+-------+---------+---------+-------+---------
